 Dungeon Crawl Stone Soup version 0.24.0-29-g8ce449bc06 (webtiles) character file.

Game seed: 14675465584983622789, levelgen mode: deterministic

1700 Flugslaktarn the Cleaver (level 9, -12/78 HPs)
             Began as a Hill Orc Fighter on Nov 14, 2019.
             Mangled by a two-headed ogre
             ... wielding a +0 giant club
              (13 damage)
             ... on level 6 of the Dungeon.
             The game lasted 00:02:55 (5040 turns).

Flugslaktarn the Cleaver (Hill Orc Fighter)         Turns: 5040, Time: 00:02:56

Health: -12/78     AC: 12    Str: 22    XL:     9   Next: 3%
Magic:  9/9        EV:  6    Int: 10    God:
Gold:   306        SH: 15    Dex: 10    Spells: 8/8 levels left

rFire    . . .     SeeInvis .   u - +4 hand axe (curse)
rCold    . . .     Gourm    .   j - +0 large shield
rNeg     . . .     Faith    .   b - +0 scale mail
rPois    .         Spirit   .   y - +0 helmet
rElec    .         Reflect  .   f - +1 cloak
rCorr    .         Harm     .   c - +0 pair of gloves
MR       .....     Rnd*Rage +   (no boots)
Stlth    ..........             (no amulet)
HPRegen  0.23/turn              (no ring)
MPRegen  0.11/turn              (no ring)

@: no status effects
A: berserk 1, clever 1
a: no special abilities


You were on level 6 of the Dungeon.
You were not hungry.

You visited 1 branch of the dungeon, and saw 7 of its levels.

You collected 306 gold pieces.

Inventory:

Hand Weapons
 a - a +0 war axe
 u - a cursed +4 hand axe (weapon)
   (You took it off a wight on level 7 of the Dungeon)
Armour
 b - a +0 scale mail (worn)
 c - a +0 pair of gloves (worn)
   (You found it on level 4 of the Dungeon)
 f - a +1 cloak (worn)
   (You took it off Crazy Yiuf on level 2 of the Dungeon)
 j - a +0 large shield (worn)
   (You found it on level 1 of the Dungeon)
 y - a +0 helmet (worn)
   (You took it off Robin on level 4 of the Dungeon)
Jewellery
 i - an uncursed ring of fire
   (You found it on level 3 of the Dungeon)
 B - a cursed +5 ring of evasion {unknown}
   (You found it on level 5 of the Dungeon)
Wands
 o - a wand of paralysis (3)
   (You found it on level 5 of the Dungeon)
Scrolls
 g - a scroll of enchant weapon {unknown}
 h - a scroll of random uselessness {unknown}
 p - a scroll of noise {unknown}
 r - 2 scrolls of identify
 t - 5 scrolls of teleportation
 v - 2 scrolls of fear {unknown}
 w - 3 scrolls of remove curse
 x - a scroll of fog {unknown}
 z - a scroll of blinking
 A - a scroll of enchant armour {unknown}
Potions
 d - a potion of might
 k - a potion of curing {unknown}
 l - a potion of mutation
 m - 2 potions of flight {unknown}
 n - a potion of resistance
 q - a potion of haste {unknown}
 s - 4 potions of agility
Comestibles
 e - 16 rations


   Skills:
 + Level 6.9 Fighting
 * Level 9.6 Axes
 + Level 6.4 Armour
 + Level 6.3 Shields


You had 8 spell levels left.
You didn't know any spells.
Your spell library was empty.

Dungeon Overview and Level Annotations

Branches:
Dungeon (7/15)
 Temple: D:4-7

Altars:
Cheibriados
Dithmenos
Fedhas
Qazlal
Xom
Zin

Annotations:
D:4 2 transporters, Ratty's ghost, amateur DENe


Innate Abilities, Weirdness & Mutations

You tend to lose your temper in combat.
Your mind is acute. (Int +2)


Message History

You hit the two-headed ogre.
The two-headed ogre is severely wounded.
You block the two-headed ogre's attack.
The two-headed ogre hits you but does no damage.
You hit the two-headed ogre.
The two-headed ogre is severely wounded.
The two-headed ogre barely misses you. You block the two-headed ogre's attack.
You slash the two-headed ogre!
The two-headed ogre is almost dead.
You hit the two-headed ogre.
The two-headed ogre is almost dead.
The two-headed ogre hits you with a +0 giant club!
* * * LOW HITPOINT WARNING * * *
You block the two-headed ogre's attack.
You barely miss the two-headed ogre.
The two-headed ogre is almost dead.
The two-headed ogre hits you with a +0 giant club!
* * * LOW HITPOINT WARNING * * *
The two-headed ogre hits you with a +0 giant spiked club!
You die...

#............#
#.# #.#
#...........!#
#.# ######.###
#............#
#.# #........#
##+#########.# #
######.########
# #.#......#
#.#.######
#.....)).#
###.#####.####.#
#.....O@..# .#
#.#........# .#
########$# .# .#
.# .# .# .# .#
##


You could see a two-headed ogre.

Vanquished Creatures
  2 phantoms (D:6)
  2 orc warriors
  2 ogres (D:4)
  A necrophage (D:6)
  A centaur (D:5)
  A bullfrog (D:7)
  6 wights
  A crimson imp (D:5)
  4 hounds
  2 orc priests (D:7)
  Crazy Yiuf (D:2)
  An iguana (D:7)
  6 orc wizards
  3 worker ants
  Robin (D:4)
  A howler monkey skeleton (D:5)
  4 adders
  2 dart slugs
  3 worms (D:2)
  4 leopard geckos
  17 orcs
  4 bats
  6 giant cockroaches
  18 goblins
  7 hobgoblins
  8 jackals
  4 quokkas
  5 frilled lizards
  7 kobolds
  A leopard gecko skeleton (D:4)
  6 rats
131 creatures vanquished.

Notes
Turn   | Place    | Note
-------+----------+-------------------------------------------
     0 | D:1      | Flugslaktarn the Hill Orc Fighter began the quest for the
                  | Orb.
     0 | D:1      | Reached XP level 1. HP: 19/19 MP: 1/1
   184 | D:1      | Reached skill level 3 in Axes
   296 | D:1      | Reached XP level 2. HP: 27/27 MP: 2/2
   599 | D:2      | Found a runed translucent door.
   600 | D:2      | Noticed Crazy Yiuf
   651 | D:2      | Killed Crazy Yiuf
   651 | D:2      | Reached XP level 3. HP: 18/33 MP: 3/3
   930 | D:2      | Reached skill level 4 in Axes
  1070 | D:2      | Reached XP level 4. HP: 40/40 MP: 4/4
  1075 | D:2      | Found a snail-covered altar of Cheibriados.
  1109 | D:2      | Found a blossoming altar of Fedhas.
  1109 | D:2      | Found a stormy altar of Qazlal.
  2103 | D:3      | Found a shadowy altar of Dithmenos.
  2115 | D:3      | Reached XP level 5. HP: 47/47 MP: 5/5
  2384 | D:4      | Reached skill level 5 in Axes
  2614 | D:4      | Found a transporter.
  2654 | D:4      | Noticed Robin
  2667 | D:4      | Killed Robin
  2669 | D:4      | Reached XP level 6. HP: 41/53 MP: 6/6
  2688 | D:4      | Reached skill level 5 in Fighting
  2688 | D:4      | Reached skill level 6 in Axes
  2819 | D:4      | Gained mutation: You tend to lose your temper in combat.
                  | [potion of mutation]
  2819 | D:4      | Gained mutation: Your mind is acute. (Int +2) [potion of
                  | mutation]
  2848 | D:4      | Reached XP level 7. HP: 26/61 MP: 7/7
  3160 | D:4      | Found a transporter.
  3167 | D:4      | Found a glowing silver altar of Zin.
  3179 | D:4      | Noticed Ratty's ghost (amateur DENe)
  3302 | D:4      | You fall into a shaft and drop 3 floors!
  3385 | D:7      | Reached skill level 5 in Armour
  3385 | D:7      | Reached skill level 5 in Shields
  3538 | D:7      | Reached skill level 7 in Axes
  3595 | D:7      | Reached XP level 8. HP: 70/70 MP: 8/8
  3856 | D:7      | Reached skill level 8 in Axes
  4190 | D:5      | Entered Level 5 of the Dungeon
  4206 | D:5      | Reached skill level 9 in Axes
  4278 | D:5      | Found a shadowy altar of Dithmenos.
  4329 | D:5      | Found a shimmering altar of Xom.
  4995 | D:6      | Reached XP level 9. HP: 71/78 MP: 9/9
  5026 | D:6      | Noticed a two-headed ogre
  5040 | D:6      | HP: 1/78 [two-headed ogre/+0 giant club (10)]
  5040 | D:6      | Mangled by a two-headed ogre

Levels and vault maps discovered:
D:1:      ebering_trefoil_3fold, layout_basic
D:2:      layout_loops_ring, grunt_temple_overflow_forces_of_nature,
          lemuel_coloured_pillars_altar, nrook_campfire, dk_vineyard_1,
          uniq_crazy_yiuf_cottage
D:3:      layout_rooms, nicolae_overflow_crystal_walls
D:4:      layout_rooms, zin_treasury, gammafunk_ghost_mausoleum, first_ration,
          uniq_robin
D:5:      layout_basic, marbit_many_paths, grunt_dithmenos_smoke
D:6:      layout_basic, lemuel_blue_sif_altar, minmay_temple_entry_trees
D:7:      layout_cave_pools, serial_shops, shop

Skill      XL: |  1  2  3  4  5  6  7  8 |
---------------+-------------------------+-----
Axes           | 3 4 5 6 7 9 |  9.6
Fighting       | 4 5 6 |  6.9
Armour         | 4 5 6 |  6.4
Shields        | 4 5 6 |  6.3

Action                   |  1- 3 |  4- 6 |  7- 9 || total
-------------------------+-------+-------+-------++-------
Melee: War axe           |    84 |   165 |    24 ||   273
       Hand axe          |       |       |   179 ||   179
  Use: Scroll            |       |     7 |       ||     7
       Potion            |       |     1 |       ||     1
  Eat: Chunk             |     1 |     6 |     7 ||    14
Armor: Scale mail        |    25 |    94 |    52 ||   171
Dodge: Dodged            |    14 |    34 |    23 ||    71
Block: Shield            |     5 |       |       ||     5
       Large shield      |    43 |   175 |   143 ||   361
